 Dungeon Crawl Stone Soup version 0.31.0-12-g77e489cdc1 (webtiles) character file.

Game seed: 12896164710025565638

28 RancidPinata the Sneak (level 3, -1/26 HPs)
             Began as an Octopode Delver on Feb 29, 2024.
             Slain by a quokka (3 damage)
             ... on level 4 of the Dungeon.
             The game lasted 00:04:44 (682 turns).

RancidPinata the Sneak (Octopode Delver)             Turns: 682, Time: 00:04:44

Health: -1/26      AC:  1    Str: 13    XL:     3   Next: 14%
Magic:  3/3        EV: 13    Int: 12    God:
Gold:   12         SH:  0    Dex: 13    Spells: 2/2 levels left

rFire   . . .        a - +0 short sword
rCold   . . .        (no shield)
rNeg    . . .        (helmet restricted)
rPois   .            (no amulet)
rElec   .            (no ring)
rCorr   .            (no ring)
SInv    .            (no ring)
Will    .....        (no ring)
Stlth   ++++         (no ring)
HPRegen 0.24/turn    (no ring)
MPRegen 0.08/turn    (no ring)
                     (no ring)

%: no passive effects
@: no status effects
A: almost no armour, amphibious, 8 rings, camouflage 1, gelatinous body 1,
(nimble swimmer 1), tentacles
a: no special abilities


You were on level 4 of the Dungeon.
You visited 1 branch of the dungeon, and saw 4 of its levels.

You collected 12 gold pieces.

Inventory:

Hand Weapons
 a - a +0 short sword (weapon)
Wands
 f - a wand of digging (3)
Scrolls
 b - a scroll of fog
 c - a scroll of revelation
 g - 2 scrolls of identify {unknown}
 j - a scroll of teleportation {unknown}
Potions
 e - a potion of haste
 h - a potion of curing {unknown}
 i - a potion of resistance {unknown}


   Skills:
 * Level 3.4 Fighting
 + Level 2.2 Short Blades
 * Level 2.6 Dodging
 + Level 6.8 Stealth


You had 2 spell levels left.
You didn't know any spells.
Your spell library was empty.

Dungeon Overview and Level Annotations

Branches:
Dungeon (7/15)
 Temple: D:4-7

Altars:
Sif Muna

Annotations:
D:6 Jeremiah
D:7 Dowan


Innate Abilities, Weirdness & Mutations

You cannot wear most types of armour.
You are amphibious.
You can wear up to eight rings at the same time.
Your skin changes colour to match your surroundings (Stealth+).
Your rubbery body absorbs attacks. (AC +1, EV +1)
((You are camouflaged when in or above water. (Stealth+)))
You have tentacles for arms and can constrict up to eight enemies at once.


Message History

You feel very sick.
You feel sick.
You feel sick.
You feel sick.
Found a short sword.
You feel sick.
You feel sick.
You feel sick.
You feel sick.
You are no longer poisoned.
A gnoll comes into view. It is wielding a +0 halberd.
A gnoll comes into view. It is wielding a +0 spear.
A giant cockroach and a scorpion come into view.
A quokka comes into view.
A goblin comes into view. It is wielding a +0 dagger.
Found a whip and 18 gold pieces.
Found two stone staircases leading up.
The kobold attacks as it pursues you!
The kobold hits you with a +0 short sword.
* * * LOW HITPOINT WARNING * * *
Found a book of Burglary.
The kobold attacks as it pursues you!
The kobold hits you with a +0 short sword.
* * * LOW HITPOINT WARNING * * *
Found a dagger.
The kobold attacks as it pursues you!
The kobold hits you with a +0 short sword.
* * * LOW HITPOINT WARNING * * *
You barely miss the kobold. Your grab misses the kobold.
Your squeeze misses the kobold.
The kobold hits you with a +0 short sword.
* * * LOW HITPOINT WARNING * * *
You hit the kobold. You grab the kobold.
The kobold is severely wounded.
You constrict the kobold.
You kill the kobold!
The quokka misses you.
The goblin shouts!
There is a stone staircase leading up here.
You hit the goblin.
You kill the goblin!
The quokka bites you.
You die...

..## ##. ...###....
#........ .......#
......... ....#.##
#........ .##...######
##...)....
.#..#.......###....:....
w..## ###........$......
..#######.........#.....
.......#........@<..B...
.......$.........r......
......$#.#.#.#.#.#......
..?...........).........
......#.#.#.#.#.#.#.....
.............w....s.....
.w...#.#.#.#.#.#.#.#.#).
...w.................#.#
....#w#.#.#.#.#.#.#.#...


You could see a ribbon worm, a scorpion, a quokka and a giant cockroach
(wandering).

Vanquished Creatures
  3 adders
  A goblin (D:4)
  A kobold (D:4)
5 creatures vanquished.

Notes
Turn   | Place    | Note
-------+----------+-------------------------------------------
     0 | D:5      | RancidPinata the Octopode Delver began the quest for the
                  | Orb.
     0 | D:5      | Reached XP level 1. HP: 16/16 MP: 1/1
    68 | D:6      | Noticed Jeremiah
   131 | D:5      | Found a shimmering blue altar of Sif Muna.
   165 | D:7      | Noticed an orc priest
   166 | D:7      | Noticed a scorpion
   219 | D:7      | Noticed Dowan
   235 | D:6      | Reached XP level 2. HP: 12/21 MP: 2/2
   305 | D:6      | Noticed a phantom
   325 | D:6      | Noticed an ice beast
   501 | D:6      | Noticed a scorpion
   535 | D:5      | Noticed a bombardier beetle
   576 | D:5      | Reached XP level 3. HP: 26/26 MP: 3/3
   585 | D:5      | Noticed a black bear
   621 | D:4      | Noticed a scorpion
   672 | D:4      | Noticed a scorpion
   678 | D:4      | HP: 1/26 [kobold/+0 short sword (2)]
   682 | D:4      | Slain by a quokka

Illustrated notes

Levels and vault maps discovered:
D:4:      layout_rooms, kennysheep_mini, nicolae_kikubaaqudgha_miasma_corner,
          hex_large
D:5:      layout_cave_pools, mainiacjoe_overflow_tiny_flanked,
          minmay_temple_entry_proselytizer, minmay_holes, uniq_sigmund,
          uniq_edmund
D:6:      layout_basic, mainiacjoe_overflow_catwalk, uniq_jeremiah
D:7:      layout_rooms, minmay_circle_x, uniq_duvessa, uniq_menkaure

Action                     || total
---------------------------++-------
  Melee: Short sword       ||     8
         Constrict         ||     2
         Tentacles         ||     1
    Use: Scroll            ||     1
   Stab: Sleeping          ||     2
 Armour: Skin              ||    11
  Dodge: Dodged            ||     6
